← All builds
Front / Cortex / Economy first / OBSERVED BUILD

Standard front

Cortex Front build order · Supreme Isthmus

Standard economy-first Front play: Bot Lab immediately, Advanced Metal Extractor around 9:23, then a mixed Thug/Grunt/Aggravator army sent up to defend the wider gap and move to middle as a line.

#eco #team support · 447 distinct matches · 138 players · 65% of Cortex Front games · team won 50% of 464 · Recently observed

HOW TO PLAY IT

Key timing: Bot Lab by 0:40

  1. Open 2 mex into early Bot Lab.
  2. Finish Bot Lab and start Thug, Grunt, Aggravator mix.
  3. Send first units to coast to stop leaks, not straight to mid.
  4. Transition into Advanced Metal Extractor as eco scales.
  5. Move units up as a line toward middle to hold the wider gap.

Phase by phase

TYPICAL OF ITS 447 GAMES
  1. 1
  2. 2
  3. 3
PLAY THE OPENING

Follow the example game's first 6:00 step by step: what to build now, what comes next, and where it goes. At 1× it keeps pace with your own game.

  1. 1

    Up to the Bot Lab

    Economy
    • Metal Extractor2Mex
    Order
    1. Bot LabBot Lab after 2 mexdone ~0:40, middle half 0:34–0:46

    Some games also: wind (41%)

    By 0:23 in all: 2 mex

    The example game in this phase · 3 steps
    1. Mex ×2
    2. Wind
    3. Bot LabBot Labdone 0:39 · typical 0:40
  2. 2

    Bot Lab to 5:00

    Economy
    • Metal Extractor4Mex
    • Wind Turbine4Wind
    Builders
    • Construction Bot3 Con bot
    • Graverobber2 Graverobber
    Army
    • Guard2 Guard
    • Thug9 Thug
    • Aggravator5 Aggravator
    • Grunt4 Grunt

    Some games also: con turret (45%) · Radar Tower (35%)

    By 5:00 in all: 6 mex · 5 wind

    The example game in this phase · 34 steps
    1. Wind
    2. GruntGrunt
    3. GraverobberGraverobber
    4. GruntGrunt ×2
    5. Construction BotCon bot ×3
    6. Mex
    7. ThugThug ×3
    8. Mex
    9. ThugThug ×3
    10. Mex
    11. ThugThug ×4
    12. Mex
    13. ThugThug ×4
    14. Construction BotCon bot
    15. Con turret
    16. Construction BotCon bot
    17. Converter
    18. Wind ×2
    19. Construction BotCon bot
    20. Wind ×3
    21. Construction BotCon bot
    22. Wind
    23. Converter
    24. Wind
    25. Dragon's TeethDragon's Teeth
    26. Construction BotCon bot
    27. Wind
    28. Dragon's TeethDragon's Teeth ×2
    29. Wind
    30. Dragon's TeethDragon's Teeth ×2
    31. Converter
    32. Wind
    33. Converter
    34. Wind
  3. 3

    5:00 to 10:00

    Economy
    • Metal Extractor1Mex
    • Wind Turbine17Wind
    Builders
    • Construction Turret2 Con turret
    • Graverobber2 Graverobber
    • Construction Bot1 Con bot
    Army
    • Guard1 Guard
    • Grunt8 Grunt
    • Thug4 Thug
    • Aggravator1 Aggravator

    Some games also: Radar Tower (42%) · converter (36%) · energy storage (36%) · Twin Guard (33%) · eat Bot Lab (37%)

    By 10:00 in all: 7 mex · 24 wind · 3 con turret

    The example game in this phase · 112 steps
    1. Converter
    2. Wind
    3. Converter
    4. Con turret
    5. Converter
    6. Wind
    7. Converter
    8. Con turret
    9. Wind
    10. Con turret
    11. Wind
    12. Con turret
    13. Converter
    14. Wind
    15. Con turret
    16. Wind
    17. Con turret
    18. Wind
    19. GuardGuard
    20. Con turret
    21. Wind
    22. Con turret
    23. Wind ×6
    24. Converter ×2
    25. Wind
    26. Converter
    27. Wind
    28. Converter ×2
    29. Wind ×2
    30. Converter
    31. Wind
    32. GuardGuardfor Beach sea
    33. Converter
    34. Wind
    35. GruntGrunt
    36. Converter
    37. Wind ×2
    38. GruntGrunt
    39. GuardGuard
    40. GruntGrunt ×2
    41. Wind
    42. GuardGuard
    43. Wind
    44. GruntGrunt ×2
    45. GuardGuard
    46. GruntGrunt
    47. Wind ×2
    48. GruntGrunt ×4
    49. Wind
    50. GruntGrunt
    51. Wind
    52. GuardGuard
    53. GruntGrunt ×2
    54. GuardGuard
    55. GruntGrunt
    56. Wind
    57. GruntGrunt
    58. GuardGuard
    59. GruntGrunt
    60. Wind
    61. GruntGrunt ×4
    62. Wind
    63. GruntGrunt ×4
    64. Wind ×2
    65. GruntGrunt ×4
    66. Wind ×2
    67. GruntGrunt ×3
    68. Wind ×3
    69. GruntGrunt ×2
    70. Wind ×2
    71. GruntGrunt ×2
    72. Wind
    73. GruntGrunt
    74. Wind
    75. GruntGrunt ×2
    76. Wind
    77. GruntGrunt
    78. Wind
    79. Mex
    80. GruntGrunt
    81. Wind
    82. Advanced Metal ExtractorT2 mexdone 9:54 · typical 9:23
    83. GruntGrunt
    84. Wind
    85. GruntGrunt ×2
    86. Wind ×2
    87. GruntGrunt ×6
    88. Advanced Metal ExtractorT2 mex
    89. Bot LabEat Bot Labreclaimed for its metal
    90. Vehicle PlantVehicle Plantdone 10:21
    91. BruteBrute
    92. Advanced Metal ExtractorT2 mex
    93. BruteBrute ×2
    94. Radar TowerRadar Tower
    95. BruteBrute
    96. Advanced Metal ExtractorT2 mex
    97. BruteBrute ×5
    98. GuardGuard
    99. BruteBrute ×6
    100. Advanced Metal ExtractorT2 mex
    101. Construction VehicleCon vehicle
    102. BruteBrute ×2
    103. GuardGuard
    104. BruteBrute ×3
    105. VeilVeilfor Tech
    106. BruteBrute ×3
    107. Twin GuardTwin Guard ×3
    108. BruteBrute ×5
    109. RattlesnakeRattlesnakenot finished by 15:00
    110. BruteBrute ×7
    111. Energy storage
    112. BruteBrute ×3

Counts are medians over the build's games: half of them build more, half fewer. The example game is El_Turco's (39 OS, 12/10/2026); pick another.

Team trades

IN AT LEAST 30% OF ITS GAMES

You hand over

Nothing regular.

You get

  • Tidal Generator4 Tidal from Pondfirst at 0:17 · in 64% of games
  • Advanced Construction Bot1 T2 con bot from Geo or Techfirst at 7:46 · in 62% of games

How it plays out

Typical game of this build, running totals by minute

Metal produced

010k20k30k
0:005:0010:0015:00

metal

Enemy metal destroyed

02.5k5k7.5k
0:005:0010:0015:00

metal

Own metal lost

05k10k
0:005:0010:0015:00

metal

464 games.

Show as table
ByMetal produced: This buildEnemy metal destroyed: This buildOwn metal lost: This build
1:0033100
2:0085400
3:00162710286
4:002707387345
5:003850917839
6:00510515861559
7:00638923652478
8:00772631103385
9:00914638064291
10:001077345215079
11:001264252035987
12:001455356906925
13:001682962067650
14:001901866638566
15:002063272469349
WHAT THE NUMBERS SAY

Standard front play wins less than half its games, with losses slightly outpacing kills through the first 15 minutes.

  • + Kills reach 7200 by 15:00 despite the safer starting position.
  • + T2 constructor reached in 85% of games, solid tech follow-through.
  • − Team wins under half of games (45%), the weakest shown here.
  • − Own metal lost (9484) exceeds enemy metal destroyed (7200) by 15:00.
THE EXAMPLE YOU ARE READING

El_Turco

39.2 OS · 12/10/2026

Open source match ↗

6 received units · includes a constructor
645 metal received · 26325 energy received

Allied construction assistance is unknown. Timings are observations, not a promise of solo reproducibility.

Typical milestones

Bot Lab0:40Middle 50%: 0:34–0:46 · n=451
Advanced Metal Extractor9:23Middle 50%: 8:19–10:45 · n=341

Played most by

iLike2Eco31games of this buildTheGeneraI27games of this buildSauceDispenser27games of this buildwatermeloans19games of this buildEl_Turco15games of this build